 Dungeon Crawl Stone Soup version 0.24-a0-335-g06ca16a (webtiles) character file.

Game seed: 15413290094890773889

126 zxkuqyb the Shield-Bearer (level 4, -1/42 HPs)
             Began as a Deep Dwarf Fighter on May 18, 2019.
             Killed from afar by Sigmund (4 damage)
             ... with a magic dart
             ... on level 4 of the Dungeon.
             The game lasted 00:07:54 (2040 turns).

zxkuqyb the Shield-Bearer (Deep Dwarf Fighter)      Turns: 2040, Time: 00:07:55

Health: -1/42      AC: 12    Str: 20    XL:     4   Next: 83%
Magic:  4/4        EV:  3    Int:  9    God:
Gold:   165        SH:  9    Dex: 12    Spells: 3/3 levels left

rFire    . . .     SeeInvis .   a - +0 war axe
rCold    . . .     Gourm    .   c - +0 shield
rNeg     . . .     Faith    .   g - +0 plate armour
rPois    .         Spirit   .   (no helmet)
rElec    .         Reflect  .   (no cloak)
rCorr    .         Harm     .   m - +0 pair of gloves
MR       .....                  (no boots)
Stlth    ..........             (no amulet)
HPRegen  0.00/turn              (no ring)
MPRegen  0.09/turn              (no ring)

@: non-regenerating
A: damage resistance, heal wounds, sense surroundings 1, no regeneration
a: Heal Wounds


You were on level 4 of the Dungeon.
You were not hungry.

You visited 1 branch of the dungeon, and saw 4 of its levels.

You collected 165 gold pieces.

Inventory:

Hand Weapons
 a - a +0 war axe (weapon)
Missiles
 j - a throwing net
 w - 6 poisoned darts
 y - 3 curare-tipped darts (quivered)
Armour
 b - a +0 scale mail
 c - a +0 shield (worn)
 g - a +0 plate armour (worn)
 m - a +0 pair of gloves (worn)
Jewellery
 n - a +4 ring of intelligence {unknown}
Scrolls
 l - a scroll of teleportation {unknown}
 q - a scroll of enchant weapon {unknown}
 r - a scroll of magic mapping {unknown}
 u - 5 scrolls of remove curse {unknown}
 x - 2 scrolls of identify {unknown}
Potions
 d - a potion of might
 e - 2 potions of mutation {unknown}
 h - a potion of degeneration {unknown}
 k - a potion of curing {unknown}
 o - a potion of lignification {unknown}
 p - 2 potions of heal wounds {unknown}
 s - a potion of berserk rage {unknown}
 t - 2 potions of flight {unknown}
 v - a potion of haste {unknown}
 z - a potion of agility {unknown}
Comestibles
 f - 8 rations


   Skills:
 + Level 3.3 Fighting
 * Level 4.0 Axes
 + Level 4.0 Armour
 + Level 4.0 Shields


You had 3 spell levels left.
You didn't know any spells.
Your spell library was empty.

Dungeon Overview and Level Annotations

Branches:
Dungeon (4/15)
 Temple: D:4-7

Altars:
Ashenzari
Kikubaaqudgha

Annotations:
D:4 Sigmund


Innate Abilities, Weirdness & Mutations

You are resistant to damage.
You can heal yourself by infusing magical energy.
You passively map a small area around you.
You do not regenerate.


Message History

Something hits you.
The jackal barks!
You slash something! Something hits you.
You miss something. Something hits you but does no damage.
You closely miss something.
A jackal comes into view.
The ogre hits you but does no damage.
You closely miss something. You hit the ogre. You hit the jackal.
Something hits you. You block the jackal's attack.
The ogre hits you with a +0 giant club!!
* * * LOW HITPOINT WARNING * * *
The jackal bites you but does no damage.
Unknown command.
You slash the ogre!
The ogre is heavily wounded.
You hit something. You hit the jackal.
You hear some strange, mumbled words.
A magic dart appears from out of thin air!
The magic dart hits you.
You die...

##......#
##.......## *
###.........##
>...........#
* #.........##
* * *
*#.......## *
##.....##
**##...## ,
##@## *
......hO{#
###......# , *
#..h#..# * *
#......# ,
.$.(....# , *
..... ...#
###$..####


You could see an ogre and 2 jackals.

Vanquished Creatures
  An orc wizard (D:3)
  3 adders (D:3)
  An ooze (D:2)
  3 worms
  A leopard gecko (D:3)
  3 orcs (D:3)
  A ball python (D:1)
  9 bats
  2 giant cockroaches (D:1)
  8 goblins
  8 hobgoblins
  2 jackals (D:3)
  8 kobolds
  A frilled lizard (D:1)
  4 rats
55 creatures vanquished.

Notes
Turn   | Place    | Note
-------+----------+-------------------------------------------
     0 | D:1      | zxkuqyb the Deep Dwarf Fighter began the quest for the Orb.
     0 | D:1      | Reached XP level 1. HP: 20/20 MP: 1/1
   154 | D:1      | Reached XP level 2. HP: 21/27 MP: 2/2
   683 | D:2      | Found an ancient bone altar of Kikubaaqudgha.
   683 | D:2      | Found a shattered altar of Ashenzari.
   711 | D:2      | Reached XP level 3. HP: 21/33 MP: 3/3
  1454 | D:3      | Reached XP level 4. HP: 27/42 MP: 4/4
  2032 | D:4      | Noticed Sigmund
  2033 | D:4      | Noticed an ogre
  2040 | D:4      | Killed from afar by Sigmund

Levels and vault maps discovered:
D:1:      lightli_arrival_quake, layout_loops_cross
D:2:      cheibrodos_helix_gallery, layout_loops_ring,
          gammafunk_temple_overflow_wave, nicolae_overflow_hidden_temple
D:3:      layout_loops_cross, corexii_shack
D:4:      layout_loops_ring, first_ration, uniq_sigmund, uniq_natasha,
          uniq_menkaure, uniq_grinder

Skill      XL: |  1  2  3  4 |
---------------+-------------+-----
Axes           | 3 4 |  4.0
Fighting       | 3 |  3.3
Shields        | 4 |  4.0
Armour         | 4 |  4.0

Action                   |  1- 3 |  4- 6 || total
-------------------------+-------+-------++-------
Melee: War axe           |   103 |    48 ||   151
Throw: Dart              |       |     3 ||     3
  Eat: Chunk             |     2 |     2 ||     4
Armor: Scale mail        |     8 |       ||     8
       Plate armour      |    84 |    26 ||   110
Dodge: Dodged            |    22 |     4 ||    26
Block: Shield            |    73 |    24 ||    97

Table legend:
 A = Non-vault XP
 B = Vault XP
 C = Vault XP percentage of total XP
 D = Non-vault monster count
 E = Vault monster count
 F = Vault count percentage of total count
                 A         B        C        D         E       F
            +---------+---------+-------+---------+---------+-------
      Total |     176 |       4 |   2.2 |      53 |       2 |   3.6
            +---------+---------+-------+---------+---------+-------
        D:1 |      38 |       0 |   0.0 |      22 |       0 |   0.0
        D:2 |      23 |       2 |   8.0 |      11 |       1 |   8.3
        D:3 |     110 |       2 |   1.8 |      19 |       1 |   5.0
        D:4 |       5 |       0 |   0.0 |       1 |       0 |   0.0
            +---------+---------+-------+---------+---------+-------
